 Dungeon Crawl Stone Soup version 0.23-a0-767-gdc19b93d68 (webtiles) character file.

13391 Fliddo the Protected (level 11, -12/103 HPs)
             Began as a Deep Dwarf Fighter on Jan 25, 2019.
             Was an Initiate of Gozag.
             Mangled by a two-headed ogre
             ... wielding a +0 giant spiked club
              (17 damage)
             ... on level 12 of the Dungeon.
             The game lasted 00:57:04 (9537 turns).

Fliddo the Protected (Deep Dwarf Fighter)           Turns: 9537, Time: 00:57:05

Health: -12/103    AC: 22    Str: 31    XL:     11   Next: 75%
Magic:  0/0        EV:  7    Int:  9    God:    Gozag
Gold:   272        SH: 13    Dex: 12    Spells: 10/10 levels left

rFire    + + .     SeeInvis +   G - +1 morningstar
rCold    . . .     Gourm    .   c - +1 shield
rNeg     . . .     Faith    .   J - +2 plate armour {rF+}
rPois    .         Spirit   .   (no helmet)
rElec    .         Reflect  .   K - +2 cloak of the Countless Shrikes {rF+}
rCorr    .         Harm     .   h - +0 pair of gloves
MR       +....                  (no boots)
Stlth    ..........             (no amulet)
HPRegen  0.00/turn              A - +3 ring of strength
MPRegen  0.07/turn              w - ring of see invisible

@: mighty, non-regenerating
A: damage resistance, heal wounds, sense surroundings 2, no regeneration
a: Heal Wounds, Potion Petition, Call Merchant, Bribe Branch, Renounce Religion


You were on level 12 of the Dungeon.
You worshipped Gozag.
Gozag was aware of your devotion.
You were not hungry.

You visited 1 branch of the dungeon, and saw 12 of its levels.

You collected 2161 gold pieces.
You spent 1100 gold pieces at shops.
You paid 789 gold pieces to Gozag.

Inventory:

Hand Weapons
 G - a +1 morningstar (weapon)
Missiles
 q - 7 tomahawks (quivered)
Armour
 c - a +1 shield (worn)
 h - a +0 pair of gloves (worn)
 J - a +2 plate armour of fire resistance (worn)
 K - the +2 cloak of the Countless Shrikes (worn) {rF+}
   (You bought it in a shop on level 11 of the Dungeon)

   It protects you from fire.
Jewellery
 w - a ring of see invisible (right hand)
 A - a +3 ring of strength (left hand)
Wands
 t - a wand of scattershot (5)
 u - a wand of iceblast (7)
 v - a wand of flame (23)
 B - a wand of acid (11)
Scrolls
 e - 2 scrolls of magic mapping
 l - 2 scrolls of enchant weapon
 m - a scroll of blinking
 n - 12 scrolls of remove curse
 p - 6 scrolls of teleportation
 s - 3 scrolls of enchant armour
 x - 2 scrolls of vulnerability {unknown}
 y - a scroll of fear
 z - 2 scrolls of amnesia
 D - a scroll of noise {unknown}
 H - a scroll of random uselessness {unknown}
Potions
 a - 2 potions of berserk rage
 b - 3 potions of resistance
 d - 2 potions of might
 g - 7 potions of curing
 i - a potion of agility {unknown}
 j - 2 potions of magic
 k - 4 potions of heal wounds
 o - a potion of ambrosia {unknown}
 r - 2 potions of brilliance
 C - a potion of flight {unknown}
 E - 2 potions of haste
 F - a potion of lignification {unknown}
Comestibles
 f - 22 rations


   Skills:
 + Level 8.0 Fighting
 + Level 10.6 Maces & Flails
 - Level 12.0 Armour
 + Level 8.5 Shields
 + Level 6.1 Evocations


You had 10 spell levels left.
You didn't know any spells.
Your spell library contained the following spells:

 Spells                   Type           Power        Failure   Level  Hunger
 Confusing Touch          Hex            #.....       99%         1    ##.....
 Portal Projectile        Hex/Tloc       #.....       100%        3    ####...
 Spectral Weapon          Hex/Chrm       #.......     100%        3    ####...
 Fulminant Prism          Conj/Hex       #.........   100%        4    #####..
 Petrify                  Tmut/Erth      #.......     100%        4    #####..
 Summon Mana Viper        Hex/Summ       #.......     100%        5    ######.


Dungeon Overview and Level Annotations

Branches:
Dungeon (12/15)            Temple (0/1) D:6            Lair (0/6) D:10
    Orc (0/2) D:10

Altars:
Ashenzari
Cheibriados
Dithmenos
Gozag
Hepliaklqana
Okawaru
Sif Muna
Vehumet
Xom
Yredelemnul
Zin

Shops:
D:6 =   D:8 :   D:11 [

Annotations:
D:6 1 runed door, hemabe's ghost, novice HuAr
D:8 exclusion: 4 oklob plants


Innate Abilities, Weirdness & Mutations

You are resistant to damage.
You can heal yourself by infusing magical energy.
You passively map the area around you.
You do not regenerate.


Message History

A worker ant comes into view.
You bludgeon the two-headed ogre!!
The two-headed ogre is heavily wounded.
The two-headed ogre hits you with a +0 giant spiked club!
* * * LOW HITPOINT WARNING * * *
You block the two-headed ogre's attack.
You feel very mighty all of a sudden.
The two-headed ogre hits you with a +0 giant spiked club!
* * * LOW HITPOINT WARNING * * *
The two-headed ogre hits you with a cursed -2 giant club.
You closely miss the two-headed ogre.
The two-headed ogre is heavily wounded.
The two-headed ogre hits you but does no damage. x2
You bludgeon the two-headed ogre!!
The two-headed ogre is severely wounded.
The two-headed ogre hits you with a +0 giant spiked club!
* * * LOW HITPOINT WARNING * * *
The two-headed ogre hits you with a cursed -2 giant club!!
You die...
Your body crumbles into a pile of gold.

,**, ,, ,,* #.....##+# #. ,
** , #.........###. * , , ,
, ,, #......##.#.#. , , * ,
* #.........#.#. + ** * **
###.....#####.#. * ** , ,,
######.#.....#.....#. ,*
,#......#.....#..##.#. * ,
####'###.....#..####. . * *
#@......#.#...).#. .. *
#O##......#..##)).
#.#######.........#..##.#.
#...............#.#.....#. *
*#.....O...........#..##.#.
* *
#............######..##.#.
#............# #..##.#. *
,..............##########.#.
*
...................#####.#.


You could see a two-headed ogre.

Vanquished Creatures
  Josephine (D:11)
  A hydra (D:12)
  A cyclops (D:11)
  A manticore (D:11)
  A gargoyle (D:10)
  A komodo dragon (D:10)
  2 kobold demonologists (D:11)
  3 trolls (D:11)
  Prince Ribbit (D:7)
  Grinder (D:4)
  A shadow (D:11)
  A wyvern (D:11)
  4 wraiths (D:11)
  12 yaks
  4 hogs (D:7)
  A human (D:7)
  A hungry ghost (D:8)
  Grum (D:10)
  Duvessa (D:4)
  4 orc warriors
  2 sky beasts
  A hornet zombie (D:12)
  3 ice beasts
  4 ogres
  A phantom (D:7)
  3 wolves (D:10)
  2 centaurs
  5 big kobolds
  Dowan (D:4)
  4 bullfrogs
  A wyvern zombie (D:9)
  A scorpion (D:8)
  16 killer bees
  14 wights
  3 howler monkeys
  3 electric eels (D:11)
  A centaur zombie (D:11)
  3 crimson imps
  5 hounds
  4 jellies
  3 orc priests
  10 orc wizards
  3 centaur skeletons
  Ijyb (D:3)
  5 iguanas
  6 worker ants
  A hound skeleton (D:4)
  A worker ant zombie (D:5)
  18 adders
  5 shadow imps
  An ooze (D:6)
  An adder zombie (D:9)
  4 worms
  3 dart slugs
  6 leopard geckos
  23 orcs
  2 ball pythons
  5 bats
  3 giant cockroaches
  3 hobgoblins
  11 jackals
  4 quokkas
  3 frilled lizards
  3 goblins
  A jackal zombie (D:7)
  8 kobolds
  A leopard gecko skeleton (D:5)
  5 rats
260 creatures vanquished.

Notes
Turn   | Place    | Note
-------+----------+-------------------------------------------
     0 | D:1      | Fliddo the Deep Dwarf Fighter began the quest for the Orb.
     0 | D:1      | Reached XP level 1. HP: 20/20 MP: 1/1
   337 | D:1      | Reached XP level 2. HP: 28/28 MP: 2/2
   955 | D:2      | Reached XP level 3. HP: 17/34 MP: 3/3
  1749 | D:3      | Reached XP level 4. HP: 25/42 MP: 3/3
  1856 | D:3      | Noticed Ijyb
  1876 | D:3      | Killed Ijyb
  1911 | D:3      | Found a shimmering altar of Xom.
  1971 | D:3      | Reached XP level 5. HP: 27/49 MP: 4/4
  2010 | D:3      | Reached skill level 5 in Maces & Flails
  2578 | D:4      | Noticed Grinder
  2579 | D:4      | Paralysed by Grinder for 3 turns
  2595 | D:4      | Killed Grinder
  2595 | D:4      | Reached XP level 6. HP: 25/57 MP: 4/4
  2708 | D:4      | Found a deep blue altar of Sif Muna.
  2829 | D:4      | Found a snail-covered altar of Cheibriados.
  2926 | D:4      | Noticed Dowan
  2949 | D:4      | Noticed Duvessa
  2961 | D:4      | Killed Duvessa
  2961 | D:4      | Reached XP level 7. HP: 41/66 MP: 5/5
  2977 | D:4      | Killed Dowan
  2977 | D:4      | Reached skill level 5 in Fighting
  3274 | D:4      | Found an opulent altar of Gozag.
  3281 | D:4      | Became a worshipper of Gozag Ym Sagoz the Greedy
  3291 | D:5      | Entered Level 5 of the Dungeon
  3447 | D:5      | Found a glowing silver altar of Zin.
  3515 | D:5      | Reached skill level 4 in Armour
  3527 | D:5      | Reached XP level 8. HP: 47/74 MP: 5/5
  3676 | D:5      | Reached skill level 5 in Armour
  3948 | D:6      | Found a staircase to the Ecumenical Temple.
  4199 | D:6      | Found Aceus's Jewellery Emporium.
  4356 | D:6      | Noticed hemabe's ghost (novice HuAr)
  4407 | D:6      | Reached skill level 6 in Armour
  4483 | D:6      | Found a runed door.
  4589 | D:6      | Found a basalt altar of Yredelemnul.
  4707 | D:7      | Noticed Prince Ribbit
  4757 | D:7      | Killed Prince Ribbit
  4757 | D:7      | Reached skill level 7 in Armour
  4759 | D:7      | Reached skill level 8 in Armour
  4791 | D:7      | Found a shadowy altar of Dithmenos.
  4821 | D:7      | Gained mutation: You passively map the area around you.
                  | [Deep Dwarf growth]
  4821 | D:7      | Reached XP level 9. HP: 73/81 MP: 4/4
  4828 | D:7      | Reached skill level 9 in Armour
  5350 | D:7      | Reached skill level 10 in Armour
  5377 | D:7      | Reached skill level 11 in Armour
  5547 | D:8      | Found an iron altar of Okawaru.
  5575 | D:8      | Identified Sif Muna's Collected Works on Execration and
                  | Transmigration
  5582 | D:8      | Noticed an oklob plant
  5582 | D:8      | Noticed an oklob plant
  5642 | D:8      | Found Hoixzu's Book Shoppe.
  6040 | D:8      | Noticed an oklob plant
  6223 | D:8      | Noticed an oklob plant
  6408 | D:9      | Found a faded altar of an unknown god.
  6408 | D:9      | Found a radiant altar of Vehumet.
  6413 | D:9      | Found a shattered altar of Ashenzari.
  6415 | D:9      | Found a faded altar of an unknown god.
  6416 | D:9      | Found a shimmering altar of Xom.
  6570 | D:9      | Reached XP level 10. HP: 60/88 MP: 2/2
  6588 | D:9      | Reached skill level 12 in Armour
  6738 | D:9      | Found a hazy altar of Hepliaklqana.
  6756 | D:9      | Reached skill level 5 in Shields
  7153 | D:10     | Entered Level 10 of the Dungeon
  7161 | D:10     | Found a staircase to the Orcish Mines.
  7224 | D:10     | Noticed Grum
  7242 | D:10     | Killed Grum
  7305 | D:10     | Found a staircase to the Lair.
  7469 | D:10     | Noticed a gargoyle
  7502 | D:10     | Killed a gargoyle
  7836 | D:11     | Reached skill level 1 in Evocations
  7975 | D:11     | Noticed a cyclops
  8010 | D:11     | Killed a cyclops
  8173 | D:11     | Reached XP level 11. HP: 87/100 MP: 3/3
  8276 | D:11     | Bought a runed plate armour for 806 gold pieces
  8448 | D:11     | Noticed Josephine
  8505 | D:11     | Killed Josephine
  8528 | D:11     | Reached skill level 10 in Maces & Flails
  8610 | D:11     | Reached skill level 5 in Evocations
  9200 | D:11     | Bought a brightly glowing cloak for 294 gold pieces
  9205 | D:11     | Identified the +2 cloak of the Countless Shrikes {rF+} (You
                  | bought it in a shop on level 11 of the Dungeon)
  9319 | D:12     | Noticed a four-headed hydra
  9343 | D:12     | Killed a four-headed hydra
  9523 | D:12     | Noticed a two-headed ogre
  9537 | D:12     | HP: 5/103 [two-headed ogre/+0 giant spiked club (6)]
  9537 | D:12     | Mangled by a two-headed ogre

Vault maps used:
D:1:      kilobyte_arrival_exit_the_forest
D:3:      brannock_xom_greatest_gift, uniq_ijyb
D:4:      cheibrodos_pilgrimage, kennysheep_mini_moat,
          lemuel_coloured_pillars_altar, led_sif_pool, uniq_duvessa,
          uniq_grinder
D:5:      marbit_many_paths, first_ration
D:6:      nicolae_overflow_hidden_temple, minmay_temple_entry_statues_pillars,
          serial_shops, kennysheep_mini, hellmonk_ghost_happy_afterlife
D:7:      nicolae_dithmenos_shadow_blocks, grunt_livestock, uniq_prince_ribbit1
D:8:      basic_altar, serial_shops, shop_coins, disabler_island
D:9:      old_standard_altar, chequers_temple_overflow_minitemple
D:10:     lair_entry_dummy, orc_0_dummy, minivault_23, uniq_grum
D:11:     gauntlet_entry_generic, grunt_ministairs_1, uniq_josephine
D:12:     roderic_nine_men_s_morris, minmay_joined_circles

Skill      XL: |  1  2  3  4  5  6  7  8  9 10 11 |
---------------+----------------------------------+-----
Fighting       | 3 4 5 7 8 |  8.0
Maces & Flails | 3 4 5 6 7 8 9 10 | 10.6
Armour         | 4 8 11 12 | 12.0
Shields        | 6 8 |  8.5
Evocations     | 2 6 |  6.1

Action                   |  1- 3 |  4- 6 |  7- 9 | 10-12 || total
-------------------------+-------+-------+-------+-------++-------
Melee: Flail             |    75 |   135 |   433 |   428 ||  1071
       Morningstar       |       |       |       |   126 ||   126
Throw: Javelin           |    38 |    42 |    64 |       ||   144
       Tomahawk          |       |       |       |    29 ||    29
Invok: Potion Petition   |       |       |     1 |       ||     1
       Call Merchant     |       |       |       |     1 ||     1
 Abil: Heal Wounds       |     1 |     2 |    20 |    33 ||    56
  Use: Scroll            |       |    13 |     4 |     4 ||    21
       Potion            |       |       |       |     3 ||     3
 Stab: Distracted        |       |       |     3 |     2 ||     5
  Eat: Chunk             |     3 |     4 |     1 |       ||     8
       Ration            |       |       |     5 |     3 ||     8
Armor: Scale mail        |    36 |    31 |       |       ||    67
       Chain mail        |       |    14 |   284 |    30 ||   328
       Plate armour      |       |       |       |   227 ||   227
Dodge: Dodged            |    31 |    22 |   139 |   120 ||   312
Block: Shield            |    47 |    64 |   280 |   342 ||   733

Table legend:
 A = Non-vault XP
 B = Vault XP
 C = Vault XP percentage of total XP
 D = Non-vault monster count
 E = Vault monster count
 F = Vault count percentage of total count
                 A         B        C        D         E       F
            +---------+---------+-------+---------+---------+-------
      Total |   14642 |    4488 |  23.5 |     232 |      28 |  10.8
            +---------+---------+-------+---------+---------+-------
        D:1 |      22 |       0 |   0.0 |      13 |       0 |   0.0
        D:2 |      51 |       0 |   0.0 |      12 |       0 |   0.0
        D:3 |     119 |      36 |  23.2 |      24 |       1 |   4.0
        D:4 |     153 |     676 |  81.5 |      12 |      10 |  45.5
        D:5 |     596 |       1 |   0.2 |      19 |       1 |   5.0
        D:6 |     330 |       0 |   0.0 |       9 |       0 |   0.0
        D:7 |    1050 |    1266 |  54.7 |      17 |       6 |  26.1
        D:8 |     561 |       0 |   0.0 |      17 |       0 |   0.0
        D:9 |    2469 |       0 |   0.0 |      26 |       0 |   0.0
       D:10 |    1308 |     530 |  28.8 |      17 |       4 |  19.0
       D:11 |    5261 |    1979 |  27.3 |      52 |       6 |  10.3
       D:12 |    2722 |       0 |   0.0 |      14 |       0 |   0.0
            +---------+---------+-------+---------+---------+-------
